Map: Equilibrium LE

Players

Djoker - Winner!

  • Race: Terran Terran
  • League: Diamond
  • Spawn Location: 1:00

AiByte

  • Race: Terran Terran
  • League: Diamond
  • Spawn Location: 11:00

VOD

Have the link to the VOD?

Description

CTL Season 30

Time

  • Played on: Feb. 25, 2024, 5:19 p.m.
  • Length: 11:22
Show
View Real Time Build Order
Export as new Build Order

Djoker Terran - Winner!

Build Orders: 1/1/1 

Get SALT Encoding   

  12  0:00  SCV  
  13  0:12  SCV  
  14  0:17  Supply Depot  
  14  0:24  SCV  
  15  0:39  Barracks, SCV  
  16  0:44  Refinery  
  16  0:49  Refinery  
  16  0:53  SCV  
  17  1:05  SCV  
  18  1:17  SCV  
  19  1:26  Marine  
  19  1:31  Orbital Command, Factory  
  20  1:41  Supply Depot  
  20  1:44  Marine  
  21  1:57  SCV  
  22  2:02  Barracks Tech Lab  
  22  2:09  SCV  
  23  2:17  Starport  
  23  2:26  Siege Tank  
  26  2:30  Supply Depot, Marine  
  26  2:31  SCV  
  28  2:44  SCV  
  29  2:48  Marine  
  30  2:55  Viking  
  30  2:58  Siege Tank  
  35  3:06  Barracks Reactor  
  35  3:14  Supply Depot  
  35  3:23  SCV  
  35  3:36  SCV  
  35  3:37  Siege Tank  
  39  3:52  Viking  
  39  3:53  Marine  
  42  4:04  Command Center  
  42  4:25  Starport Reactor  
  42  4:35  Marine x2, Engineering Bay  
  42  4:38  Siege Tank  
  47  5:05  Marine x2  
  45  5:07  Viking  
  47  5:16  Viking  
  47  5:18  Supply Depot x2  
  47  5:37  Viking  
  49  5:45  Orbital Command  
  49  5:46  Viking  
  51  6:07  Viking  
  51  6:09  Armory  
  51  6:10  SCV  
  51  6:16  Viking  
  53  6:24  SCV x2  
  52  6:36  SCV  
  52  6:37  Viking  
  55  6:46  Viking  
  57  6:49  Marine  
  57  6:50  Marine  
  57  6:51  SCV x2  
  59  6:54  Refinery  
  59  6:56  Refinery  
  57  7:07  Viking, Marine x2, SCV x2  
  63  7:16  Viking  
  65  7:25  Marine x2  
  64  7:31  Siege Tank  
  67  7:37  Viking  
  67  7:42  SCV x2  
  71  7:46  Viking, Missile Turret  
  68  7:54  SCV x2  
  69  8:03  Siege Tank  
  69  8:05  Marine x2  
  74  8:11  Factory  
  74  8:12  Terran Ship Weapons Level 1  
  74  8:15  Liberator  
  74  8:19  SCV  
  78  8:26  Supply Depot  
  78  8:27  Supply Depot  
  78  8:28  Supply Depot, SCV  
  78  8:31  SCV  
  80  8:36  Siege Tank  
  80  8:40  SCV  
  84  8:47  Liberator  
  87  8:48  Marine x2  
  87  9:05  Viking  
  87  9:08  Siege Tank, SCV x2  
  94  9:20  SCV x2  
  96  9:26  Command Center  
  96  9:30  Viking  
  92  9:35  Viking  
  94  9:40  Siege Tank  
  97  9:54  SCV  
  97  9:55  SCV  
  99  10:00  Liberator  
  99  10:05  Viking  
  99  10:06  SCV  
  99  10:07  SCV, Marine x2  
  108  10:18  SCV  
  108  10:19  Unknown  
  108  10:20  Siege Tank  
  112  10:22  Supply Depot  
  112  10:23  Supply Depot  
  112  10:24  Supply Depot  
Show
View Real Time Build Order
Export as new Build Order

AiByte Terran 

Build Orders: Cyclone Opening 

Get SALT Encoding   

  12  0:00  SCV  
  13  0:12  SCV  
  14  0:17  Supply Depot  
  14  0:24  SCV  
  15  0:30  Refinery  
  15  0:38  SCV  
  15  0:40  Barracks  
  16  0:46  Refinery  
  16  0:50  SCV  
  17  1:00  Refinery  
  17  1:03  SCV  
  18  1:15  SCV  
  19  1:28  Reaper  
  19  1:29  Supply Depot  
  19  1:32  Orbital Command  
  20  1:46  Factory  
  20  1:57  SCV  
  20  2:00  Reaper  
  22  2:15  SCV  
  23  2:28  Command Center  
  23  2:35  Cyclone  
  25  2:39  SCV  
  26  2:51  SCV  
  26  2:56  Starport  
  27  3:04  SCV  
  28  3:07  Barracks Tech Lab  
  28  3:08  Engineering Bay  
  28  3:09  Factory Tech Lab  
  28  3:16  SCV  
  29  3:28  SCV  
  29  3:32  Cyclone  
  31  3:35  Refinery  
  31  3:40  SCV, Marine  
  33  3:43  Supply Depot  
  33  3:52  Supply Depot  
  33  4:06  Siege Tank  
  36  4:10  Orbital Command  
  36  4:13  SCV  
  35  4:24  Viking  
  35  4:29  SCV  
  36  5:10  Siege Tank  
  36  5:12  Viking  
  41  5:21  SCV  
  41  5:22  Missile Turret, SCV  
  43  5:34  SCV  
  44  5:42  Viking, Siege Tank  
  48  6:06  Barracks Reactor  
  48  6:11  Viking  
  48  6:14  Siege Tank  
  51  6:34  SCV x2  
  53  6:46  SCV  
  54  6:49  Supply Depot x2  
  54  6:52  Supply Depot x2  
  52  7:10  Siege Tank, Missile Turret  
  53  7:19  Barracks Tech Lab  
  53  7:30  Viking x2, Missile Turret  
  53  7:33  SCV x2  
  59  7:50  Orbital Command  
  56  8:00  Viking x2  
  56  8:04  Siege Tank  
  63  8:18  Missile Turret  
  63  8:20  Missile Turret  
  63  8:22  Factory  
  63  8:23  Missile Turret  
  63  8:25  SCV x2  
  65  8:30  Viking x2  
  69  8:37  Missile Turret, SCV x2  
  66  9:00  Viking x2  
  70  9:10  Refinery  
  70  9:11  Refinery  
  70  9:18  Command Center  
  70  9:21  Missile Turret  
  70  9:23  Missile Turret  
  70  9:30  Viking x2  
  61  10:00  Viking  
  61  10:01  Missile Turret  
  61  10:02  Missile Turret  
  61  10:04  Siege Tank x2  
  61  10:05  Missile Turret  
  61  10:07  Viking  
  70  10:30  Viking  
  69  10:36  Viking  
Tags
 
Add a new tag
Caveats
  • Supply blocks, unpowered buildings, or Contaminate may cause inaccurate times.
  • Supply counts are checked every 10 seconds.